 Dungeon Crawl Stone Soup version 0.21-a0-91-ga5031da (webtiles) character file.

804 Ijustatesigmund the Cudgeler (level 7, -4/67 HPs)
             Began as a Naga Fighter on June 28, 2017.
             Slain by a mummy (10 damage)
             ... in an ossuary.
             The game lasted 00:09:47 (4127 turns).

Ijustatesigmund the Cudgeler (Naga Fighter)         Turns: 4127, Time: 00:09:48

Health: -4/67      AC:  8    Str: 18    XL:     7   Next: 91%
Magic:  7/7        EV:  6    Int:  9    God:
Gold:   244        SH:  8    Dex: 12    Spells: 6/6 levels left

rFire    . . .     SeeInvis +   a - +1 flail
rCold    . . .     Gourm    .   c - +0 shield
rNeg     . . .     Faith    .   b - +0 scale mail
rPois    +         Spirit   .   e - +1 helmet
rElec    .         Reflect  .   (no cloak)
rCorr    .         Harm     .   (no gloves)
MR       .....                  (no barding)
Stlth    ..........             (no amulet)
HPRegen  0.21/turn              l - ring of wizardry
MPRegen  0.10/turn              (no ring)

@: very slow
A: see invisible, deformed body, poison resistance, slowness 2, slow metabolism
1, spit poison 1, AC +2
a: Spit Poison


You were in an ossuary.
You were hungry.

You visited 1 branch of the dungeon, and saw 6 of its levels.
You also visited: Ossuary.

You collected 244 gold pieces.

Inventory:

Hand Weapons
 a - a +1 flail (weapon)
Armour
 b - a +0 scale mail (worn)
 c - a +0 shield (worn)
 e - a +1 helmet (worn)
Jewellery
 l - a ring of wizardry (left hand)
 o - an uncursed ring of fire
Wands
 q - a wand of enslavement (24/24)
Scrolls
 h - 3 scrolls of remove curse
 n - a scroll of blinking
 p - a scroll of recharging
 r - a scroll of magic mapping
 u - a scroll of enchant weapon
Potions
 t - a potion of magic
Books
 y - a book of Changes

   Spells                             Type                      Level
   a - Beastly Appendage              Transmutation                1
   b - Sticks to Snakes               Transmutation                2
   c - Spider Form                    Transmutation/Poison         3
   d - Ice Form                       Ice/Transmutation            4
   e - Blade Hands                    Transmutation                5
Comestibles
 f - 5 bread rations
 i - 4 royal jellies
 k - 2 meat rations
 s - 10 fruits


   Skills:
 + Level 5.4 Fighting
 * Level 6.8 Maces & Flails
 - Level 2.4 Armour
 - Level 2.2 Dodging
 - Level 2.4 Shields


You had 6 spell levels left.
You didn't know any spells.

Dungeon Overview and Level Annotations

Branches:
Dungeon (6/15)
 Temple: D:4-7

Altars:
Elyvilon
Gozag
Kikubaaqudgha
Makhleb
Qazlal
Xom

Annotations:
D:4 Ijustatesigmund's ghost, amateur NaFi


Innate Abilities, Weirdness & Mutations

You cannot wear boots.
Your serpentine skin is tough. (AC +2)
You have supernaturally acute eyesight. (SInv)
Armour fits poorly on your strangely shaped body.
Your system is resistant to poisons. (rPois)
You cover ground very slowly.
You have a slow metabolism.
You can spit poison.


Message History

You thump the mummy!
You destroy the mummy!
The big kobold zombie hits you but does no damage.
You barely miss the mummy. You block the mummy's attack.
You hit the mummy.
The mummy is lightly damaged.
The big kobold zombie hits you but does no damage.
The mummy hits you but does no damage.
Your shield and scale mail prevent you from hitting the mummy.
The mummy is lightly damaged.
The big kobold zombie hits you but does no damage.
You barely miss the mummy.
The mummy is lightly damaged.
The mummy hits you but does no damage.
You block the big kobold zombie's attack.
You sock the mummy!
The mummy is heavily damaged.
You block the big kobold zombie's attack.
The mummy hits you!
You die...

..... ##..## ..
.....##....##..
...............
.............
............
#........#
#Z.M...# #@...#
#....# #....#
#....# #....#
#....# #....#
#....# #!ยงยง.#


You could see a mummy and a big kobold zombie.

Vanquished Creatures
  A phantom (D:6)
  2 ogres
  A bullfrog (D:6)
  A scorpion (D:6)
  A howler monkey (D:5)
  2 centaur zombies
  A hound (D:5)
  An orc priest (D:4)
  A bullfrog skeleton (D:6)
  An orc wizard (D:5)
  2 worker ants (D:5)
  A big kobold zombie (Ossuary)
  A hound skeleton (D:4)
  3 mummies (Ossuary)
  4 adders
  A shadow imp (D:6)
  2 worms (D:2)
  2 dart slugs
  3 leopard geckos
  7 orcs
  3 giant cockroaches
  2 gnoll zombies (Ossuary)
  6 goblins
  3 hobgoblins
  4 jackals
  A quokka (D:3)
  5 bats
  3 frilled lizards
  A hobgoblin zombie (Ossuary)
  8 kobolds
  2 kobold zombies (Ossuary)
  A leopard gecko zombie (D:5)
  An orc zombie (Ossuary)
  4 rats
82 creatures vanquished.

Notes
Turn   | Place    | Note
-------+----------+-------------------------------------------
     0 | D:1      | Ijustatesigmund the Naga Fighter began the quest for the Orb.
     0 | D:1      | Reached XP level 1. HP: 21/21 MP: 1/1
   310 | D:1      | Reached XP level 2. HP: 26/28 MP: 2/2
   875 | D:2      | Reached skill level 1 in Dodging
   928 | D:2      | Reached XP level 3. HP: 14/34 MP: 3/3
  1171 | D:2      | Found a burning altar of Makhleb.
  1191 | D:2      | Found a stormy altar of Qazlal.
  1355 | D:2      | Reached skill level 3 in Maces & Flails
  1433 | D:2      | You fall through a shaft!
  1446 | D:3      | Reached XP level 4. HP: 24/42 MP: 4/4
  1466 | D:3      | Found a shimmering altar of Xom.
  1583 | D:3      | Found an opulent altar of Gozag.
  1982 | D:4      | Found an ancient bone altar of Kikubaaqudgha.
  2073 | D:4      | Noticed an ogre
  2085 | D:4      | Killed an ogre
  2085 | D:4      | Reached skill level 4 in Maces & Flails
  2085 | D:4      | Reached XP level 5. HP: 43/50 MP: 5/5
  2177 | D:4      | Noticed Ijustatesigmund's ghost (amateur NaFi)
  2510 | D:5      | Entered Level 5 of the Dungeon
  2544 | D:5      | Reached XP level 6. HP: 10/57 MP: 6/6
  2847 | D:5      | Found a white marble altar of Elyvilon.
  3346 | D:5      | Reached skill level 5 in Maces & Flails
  3481 | D:6      | Noticed a phantom
  3492 | D:6      | Reached XP level 7. HP: 45/66 MP: 7/7
  3579 | D:6      | Reached skill level 6 in Maces & Flails
  3619 | D:6      | Reached skill level 5 in Fighting
  3755 | D:6      | Found a sand-covered staircase.
  3772 | Ossuary  | Entered an ossuary
  4127 | Ossuary  | Slain by a mummy

Vault maps used:
D:1:      scummos_arrival_simple_crosswalls
D:2:      overflow_temple_1_default, lightli_temple_of_fire
D:3:      overflow_temple_1_default, xom_teletrap_fun
D:4:      kennysheep_mini_moat, lemuel_coloured_pillars_altar,
          lemuel_crystal_altar, serial_shops, shop, kennysheep_windowed_goal
D:5:      elyvilon_altar_5, first_bread, grunt_decor_resistance
D:6:      nicolae_overflow_hidden_temple, nicolae_overflow_crystal_walls,
          chequers_ossuary_entry_cave, basic_altar
Ossuary:  ossuary_tomb_3

Skill      XL: |  1  2  3  4  5  6  7 |
---------------+----------------------+-----
Dodging        | 1 2 |  2.2
Maces & Flails | 3 4 5 6 |  6.8
Fighting       | 4 5 |  5.4
Armour         | |  2.4
Shields        | |  2.4

Action                   |  1- 3 |  4- 6 |  7- 9 || total
-------------------------+-------+-------+-------++-------
Melee: Flail             |   122 |   157 |   101 ||   380
  Use: Scroll            |     5 |     5 |     6 ||    16
       Potion            |       |     2 |     3 ||     5
  Eat: Chunk             |     1 |     5 |     1 ||     7
       Fruit             |       |     1 |       ||     1
Armor: Scale mail        |    60 |    77 |    63 ||   200
Dodge: Dodged            |    31 |    35 |    30 ||    96
Block: Shield            |    55 |    88 |    57 ||   200
